 Dungeon Crawl Stone Soup version 0.28.0 (webtiles) character file.

Game seed: 18336502408640182523

10454 mopl the Summoner (level 11, -1/68 HPs)
             Began as a Merfolk Summoner on Feb 14, 2022.
             Was an Elder of Sif Muna.
             Slain by an unseen horror (6 damage)
             ... on level 11 of the Dungeon.
             The game lasted 00:31:14 (16261 turns).

mopl the Summoner (Merfolk Summoner)               Turns: 16261, Time: 00:31:15

Health: -1/68      AC:  7    Str: 17    XL:     11   Next: 62%
Magic:  27/33      EV: 12    Int: 17    God:    Sif Muna [****..]
Gold:   666        SH:  5    Dex: 14    Spells: 3/28 levels left

rFire   . . .      SeeInvis .   a - +4 spear (venom)
rCold   . . .      Faith    .   (no shield)
rNeg    . . .      Spirit   .   J - +0 steam dragon scales
rPois   .          Reflect  +   k - +0 helmet
rElec   .          Harm     .   (no cloak)
rCorr   .          Rampage  .   (no gloves)
Will    .....                   c - +0 pair of boots
Stlth   ++........              p - amulet of reflection
HPRegen 0.21/turn               v - +6 ring of strength
MPRegen 0.23/turn               x - ring of magical power

@: studying Armour
A: (nimble swimmer 2), mertail
a: Renounce Religion, Channel Magic, Forget Spell, Divine Exegesis


You were on level 11 of the Dungeon.
You worshipped Sif Muna.
Sif Muna was greatly pleased with you.
You visited 2 branches of the dungeon, and saw 12 of its levels.
You also visited: Bailey.

You collected 793 gold pieces.
You spent 127 gold pieces at shops.

Inventory:

Hand Weapons
 a - a +4 spear of venom (weapon)
 b - a +6 flail of holy wrath
 u - a +0 halberd of flaming
 D - the +6 whip of Regicide {pain, Fly rF+}
   (You found it on level 6 of the Dungeon)

   In the hands of one skilled in necromantic magic, it inflicts extra damage on
   living creatures.
   rF:        It protects you from fire.
   Fly:       It grants you flight.
 N - a +3 bardiche of protection
 Q - a +3 trident
Missiles
 h - 20 poisoned darts
 q - 4 throwing nets
 w - 3 silver boomerangs
Armour
 c - a +0 pair of boots (worn)
 k - a +0 helmet (worn)
 n - a +0 ring mail of cold resistance
 r - a +0 hat
 E - a +4 ring mail of fire resistance
 G - a +1 leather armour of willpower
 J - +0 steam dragon scales (worn)
 K - +0 acid dragon scales
Jewellery
 p - an amulet of reflection (around neck)
 v - a +6 ring of strength (left hand)
 x - a ring of magical power (right hand)
Wands
 m - a wand of acid (1)
 C - a wand of flame (14)
 H - a wand of iceblast (11)
 O - a wand of mindburst (4)
Scrolls
 e - 6 scrolls of teleportation
 g - 2 scrolls of magic mapping {unknown}
 i - 3 scrolls of torment {unknown}
 l - a scroll of amnesia {unknown}
 o - a scroll of fear
 s - a scroll of holy word {unknown}
 y - a scroll of silence {unknown}
 B - 2 scrolls of fog {unknown}
 F - 2 scrolls of immolation {unknown}
 I - a scroll of summoning {unknown}
 L - a scroll of vulnerability {unknown}
 M - 2 scrolls of enchant armour
Potions
 d - 2 potions of flight
 f - a potion of heal wounds
 j - a potion of magic
 t - 4 potions of curing
 z - a potion of haste
 A - 3 potions of mutation {!q}
 P - a potion of brilliance
Miscellaneous
 R - a phantom mirror


   Skills:
 + Level 9.0 Polearms
 - Level 2.6 Dodging
 - Level 2.1 Stealth
 * Level 9.1 Spellcasting
 + Level 4.5 Hexes
 * Level 10.4 Summonings
 + Level 2.3 Translocations
 + Level 4.4 Air Magic
 + Level 6.6 Invocations


You had 3 spell levels left.
You knew the following spells:

 Your Spells              Type           Power      Damage    Failure   Level
a - Summon Small Mammal   Summ           100%       N/A       1%          1
b - Call Imp              Summ           43%        N/A       1%          2
c - Call Canine Familiar  Summ           43%        N/A       1%          3
d - Summon Forest         Summ/Tloc      14%        N/A       19%         5
f - Summon Lightning Spi  Summ/Air       33%        N/A       4%          4
g - Summon Guardian Gole  Hex/Summ       33%        N/A       1%          3
m - Summon Mana Viper     Hex/Summ       33%        N/A       12%         5
w - Sublimation of Blood  Necr           7%         N/A       14%         2

Your spell library contained the following spells:

 Spells                   Type           Power      Damage    Failure   Level
 Swiftness                Air            23%        N/A       4%          3
 Ensorcelled Hibernation  Hex/Ice        30%        N/A       5%          2
 Passwall                 Tmut/Erth      5%         N/A       14%         2
 Summon Cactus Giant      Summ           21%        N/A       21%         6
 Petrify                  Tmut/Erth      7%         N/A       67%         4
 Irradiate                Conj/Tmut      3%         3d14      95%         5
 Storm Form               Tmut/Air       7%         N/A       100%        7
 Maxwell's Capacitive Co  Air            11%        ∞         100%        8


Dungeon Overview and Level Annotations

Branches:
Dungeon (11/15)            Temple (1/1) D:4          Bailey (visited)
   Lair: D:8-11         Orc: D:9-12

Altars:
Ashenzari
Cheibriados
Dithmenos
Elyvilon
Fedhas
Gozag
Hepliaklqana
Kikubaaqudgha
Makhleb
Nemelex Xobeh
Okawaru
Qazlal
Ru
Sif Muna
Trog
Uskayaw
Vehumet
Wu Jian
Xom
Zin
The Shining One

Shops:
D:5 *   D:9 (

Annotations:
D:3 2 transporters, Skimidon's ghost, amateur GnTm
D:4 1 runed translucent door, mopl's ghost, novice GnMo
D:10 1 runed translucent door, p0werm0de's ghost, journeyman GnIE


Innate Abilities, Weirdness & Mutations

((You are very nimble when in or above water. (Stealth+, EV+, Speed+++)))
Your lower body shifts to a powerful aquatic tail in water.


Message History

Your hound's corpse disappears in a puff of smoke!
Casting: Call Canine Familiar (safe; 1% risk of failure)
Confirm with . or Enter, or press ? or * to list all spells.
You swap places.
Something hits your hound. Something hits your hound!
Your hound barely misses something.
Something closely misses your hound. Something hits your hound!
Your hound dies!
Your hound's corpse disappears in a puff of smoke!
Casting: Call Canine Familiar (safe; 1% risk of failure)
Confirm with . or Enter, or press ? or * to list all spells.
Something hits you but does no damage. Something hits you. Something hits you.
* * * LOW HITPOINT WARNING * * *
You swap places.
Something barely misses your hound. Something hits your hound!
Something hits your hound.
Your hound closely misses something.
Something hits your hound!
Your hound dies!
Your hound's corpse disappears in a puff of smoke!
Casting: Call Canine Familiar (safe; 1% risk of failure)
Confirm with . or Enter, or press ? or * to list all spells.
Something hits you.
* * * LOW HITPOINT WARNING * * *
Something barely misses you.
Your wolf bites something but does no damage.
Something hits you.
* * * LOW HITPOINT WARNING * * *
Your wolf bites something!
Something hits you.
* * * LOW HITPOINT WARNING * * *
Something hits you.
* * * LOW HITPOINT WARNING * * *
Your wolf bites something.
Something hits you.
* * * LOW HITPOINT WARNING * * *
Something hits you but does no damage.
Your wolf bites something!
Something hits you!
* * * LOW HITPOINT WARNING * * *
There is a stone staircase leading up here.
Something hits you.
You die...

#..###.###.#
#...#...#..########
#....._...........#
.###...#...#...#.###.#
......###.###......#
.####..#^..#...#.#.#
...............#.#.####
#..............#......#
####...#..####.#@#.##.#
##..........#.#.##.#
##.##.######h#.....
####.............#
#.....##.######
#........# ##..#.####
#....# ###...# #######


You could see a friendly wolf (summoned).

Vanquished Creatures
  2 two-headed ogres
  An orc knight (Bailey)
  A kobold demonologist (D:10)
  A troll (D:11)
  A slime creature (D:10)
  A steam dragon (D:7)
  Grum (D:10)
  3 sky beasts
  3 orc warriors (Bailey)
  An ogre (D:7)
  6 centaurs
  3 wolves (D:10)
  2 gnoll sergeants
  A wyvern skeleton (D:6)
  Dowan (D:4)
  A water moccasin skeleton (D:4)
  6 killer bees
  A wight (D:7)
  2 howler monkeys
  2 centaur zombies (D:5)
  A jelly (D:6)
  4 hounds
  2 orc priests
  2 iguanas (D:6)
  Jessica (D:3)
  2 centaur skeletons
  Ijyb (D:4)
  An orc wizard (D:8)
  3 adders
  12 gnolls
  A howler monkey skeleton (D:3)
  6 river rats (D:6)
  2 white imps
  An adder skeleton (D:4)
  3 worms
  3 dart slugs
  21 orcs
  4 ball pythons
  7 endoplasms
  2 giant cockroaches
  14 goblins
  5 hobgoblins
  3 kobolds
  5 quokkas
  A bat (D:1)
  5 frilled lizards
  16 rats
168 creatures vanquished.

Vanquished Creatures (collateral kills)
  Pikel (D:7)
  A hornet (D:7)
  Menkaure (D:4)
  An acid dragon (D:6)
  A water moccasin (D:7)
  6 orc warriors
  3 sky beasts
  An ogre (D:4)
  2 lemures (D:7)
  A phantom (D:6)
  Blork the orc (D:6)
  7 killer bees
  5 howler monkeys
  A centaur zombie (D:5)
  2 hounds
  A jelly (D:4)
  A bullfrog skeleton (D:7)
  An orc priest (D:5)
  3 orc wizards
  Terence (D:2)
  An iguana (D:4)
  Robin (D:3)
  7 gnolls
  A river rat (D:6)
  An adder (D:5)
  An adder skeleton (D:4)
  A worm (D:4)
  2 dart slugs (D:1)
  12 orcs
  4 endoplasms
  6 goblins
  6 hobgoblins
  7 kobolds
  3 quokkas
  2 ball pythons
  A bat (D:3)
  A rat (D:6)
98 creatures vanquished.

Vanquished Creatures (others)
  Harold (D:7)
  Maggie (D:8)
  Prince Ribbit (D:5)
  An orc warrior (Bailey)
  A hornet zombie (D:6)
  A wolf (D:10)
  A gnoll sergeant (D:8)
  4 killer bees
  4 wights (D:7)
  A howler monkey (D:9)
  2 gnolls (D:8)
  2 river rats (D:6)
  An orc (Bailey)
  A goblin (D:8)
  A rat (D:6)
  A plant (D:4)
24 creatures vanquished.

Grand Total: 290 creatures vanquished

Notes
Turn   | Place    | Note
-------+----------+-------------------------------------------
     0 | D:1      | mopl the Merfolk Summoner began the quest for the Orb.
     0 | D:1      | Reached XP level 1. HP: 13/13 MP: 3/3
   496 | D:1      | Reached XP level 2. HP: 17/19 MP: 5/5
   499 | D:1      | Learned a level 2 spell: Call Imp
  1451 | D:1      | Reached XP level 3. HP: 24/24 MP: 3/6
  1493 | D:1      | Learned a level 3 spell: Call Canine Familiar
  1886 | D:2      | Noticed Terence
  1899 | D:2      | Killed Terence
  1900 | D:2      | Reached skill level 3 in Spellcasting
  1900 | D:2      | Reached XP level 4. HP: 18/30 MP: 2/8
  2630 | D:2      | Reached skill level 5 in Summonings
  3136 | D:3      | Reached XP level 5. HP: 33/35 MP: 6/10
  3398 | D:3      | Found a white marble altar of Elyvilon.
  3445 | D:3      | Noticed Robin
  3461 | D:3      | Killed Robin
  3473 | D:3      | Reached skill level 1 in Polearms
  3698 | D:3      | Found a transporter.
  3808 | D:3      | Found a transporter.
  3811 | D:3      | Noticed Skimidon's ghost (amateur GnTm)
  3874 | D:3      | Reached skill level 2 in Polearms
  3916 | D:3      | Noticed Jessica
  3924 | D:3      | Killed Jessica
  3925 | D:3      | Reached skill level 4 in Spellcasting
  3925 | D:3      | Reached XP level 6. HP: 41/41 MP: 7/12
  3930 | D:3      | Learned a level 3 spell: Summon Guardian Golem
  4037 | D:4      | Found a staircase to the Ecumenical Temple.
  4038 | D:4      | Identified the +12 hand crossbow "Biopta" {vorpal, Fly rC+
                  | rN+ Str+3}
  4050 | Temple   | Entered the Ecumenical Temple
  4113 | Temple   | Became a worshipper of Sif Muna the Loreminder
  4209 | D:4      | Noticed a sky beast
  4219 | D:4      | Killed a sky beast
  4220 | D:4      | Reached skill level 3 in Polearms
  4220 | D:4      | Reached skill level 1 in Hexes
  4220 | D:4      | Reached skill level 6 in Summonings
  4220 | D:4      | Reached skill level 1 in Invocations
  4220 | D:4      | Reached XP level 7. HP: 46/46 MP: 9/13
  4234 | D:4      | Noticed Duvessa
  4236 | D:4      | Noticed Dowan
  4768 | D:4      | Noticed Ijyb
  4776 | D:4      | Killed Ijyb
  5092 | D:4      | Noticed Menkaure
  5103 | D:4      | Killed Menkaure
  5366 | D:4      | Reached skill level 2 in Invocations
  5596 | D:4      | Noticed Duvessa
  5596 | D:4      | Duvessa changed into Duvessa the worm
  5598 | D:4      | Killed Duvessa the worm
  5599 | D:4      | Reached skill level 4 in Polearms
  5603 | D:4      | Killed Dowan
  5604 | D:4      | Reached skill level 5 in Spellcasting
  5797 | D:4      | Learned a level 4 spell: Summon Lightning Spire
  5816 | D:4      | Reached * piety under Sif Muna
  5818 | D:4      | Found a stormy altar of Qazlal.
  5883 | D:4      | Found a runed translucent door.
  5884 | D:4      | Noticed mopl's ghost (novice GnMo)
  6064 | D:5      | Entered Level 5 of the Dungeon
  6092 | D:5      | Reached XP level 8. HP: 39/52 MP: 12/15
  6126 | D:5      | Reached skill level 2 in Hexes
  6296 | D:5      | Noticed Prince Ribbit
  6490 | D:5      | Found Zemmecho's Assorted Antiques.
  6501 | D:5      | Bought a scroll labelled JETEAK WUUP for 26 gold pieces
  6501 | D:5      | Bought a puce potion for 23 gold pieces
  6501 | D:5      | Bought a scroll labelled NEAGHE EWKO for 26 gold pieces
  6501 | D:5      | Bought a scroll labelled PEIROHIADGH for 26 gold pieces
  6501 | D:5      | Bought a scroll labelled NEAGHE EWKO for 26 gold pieces
  6896 | D:5      | Reached skill level 7 in Summonings
  6896 | D:5      | Reached skill level 1 in Air Magic
  7215 | D:5      | Killed Prince Ribbit
  7216 | D:5      | Reached skill level 5 in Polearms
  7216 | D:5      | Reached skill level 3 in Invocations
  7299 | D:5      | Reached skill level 6 in Spellcasting
  7299 | D:5      | Reached skill level 3 in Hexes
  7299 | D:5      | Reached XP level 9. HP: 13/57 MP: 7/18
  7567 | D:5      | Reached skill level 2 in Air Magic
  7867 | D:5      | Identified the +0 chain mail of Integrity {rC+ Int+2}
  8010 | D:5      | Found a burning altar of Makhleb.
  8074 | D:6      | Found a broken altar of Ashenzari.
  8084 | D:6      | Found a shimmering altar of Xom.
  8093 | D:6      | Reached skill level 6 in Polearms
  8147 | D:6      | Reached skill level 4 in Invocations
  8355 | D:6      | Noticed Blork the orc
  8365 | D:6      | Killed Blork the orc
  8366 | D:6      | Reached skill level 8 in Summonings
  8979 | D:6      | Noticed a two-headed ogre
  9059 | D:6      | Killed a two-headed ogre
  9059 | D:6      | Reached ** piety under Sif Muna
  9060 | D:6      | Reached skill level 7 in Spellcasting
  9126 | D:6      | Reached XP level 10. HP: 54/63 MP: 13/20
  9160 | D:6      | Reached skill level 3 in Air Magic
  9174 | D:6      | Reached skill level 7 in Polearms
  9740 | D:6      | Identified the +6 whip of Regicide {pain, Fly rF+}
  9870 | D:7      | Reached skill level 5 in Invocations
 10116 | D:7      | Learned a level 2 spell: Sublimation of Blood
 10180 | D:7      | Noticed Pikel
 10190 | D:7      | Killed Pikel
 10191 | D:7      | Reached skill level 9 in Summonings
 10512 | D:7      | Learned a level 5 spell: Summon Mana Viper
 11022 | D:7      | Reached *** piety under Sif Muna
 11145 | D:7      | Paralysed by a hornet for 3 turns
 11150 | D:7      | Reached skill level 8 in Spellcasting
 11277 | D:7      | Learned a level 5 spell: Summon Forest
 11501 | D:7      | Noticed Harold
 11543 | D:7      | Killed Harold
 11544 | D:7      | Reached skill level 8 in Polearms
 11648 | D:7      | Found an ornate altar of the Wu Jian Council.
 11648 | D:7      | Found a hide-covered altar of Uskayaw.
 11703 | D:8      | Noticed Maggie
 11722 | D:8      | Killed Maggie
 11886 | D:8      | Found a flagged portal.
 11897 | Bailey   | Entered a bailey
 12133 | Bailey   | Reached skill level 1 in Translocations
 12279 | Bailey   | Reached XP level 11. HP: 43/68 MP: 23/23
 12550 | Bailey   | Reached skill level 4 in Air Magic
 12550 | Bailey   | Reached skill level 6 in Invocations
 12852 | Bailey   | Reached skill level 4 in Hexes
 12963 | Bailey   | Noticed an orc knight
 12974 | Bailey   | Killed an orc knight
 12977 | Bailey   | Reached skill level 10 in Summonings
 13765 | D:9      | Reached **** piety under Sif Muna
 14093 | D:9      | Found a glowing silver altar of Zin.
 14257 | D:9      | Found Xeyngaas's Weapon Shop.
 14666 | D:9      | Found an opulent altar of Gozag.
 14666 | D:9      | Found a snail-covered altar of Cheibriados.
 14729 | D:10     | Entered Level 10 of the Dungeon
 14810 | D:10     | Found a runed translucent door.
 14813 | D:10     | Noticed p0werm0de's ghost (journeyman GnIE)
 14829 | D:10     | Noticed Grum
 15253 | D:10     | Killed Grum
 15254 | D:10     | Reached skill level 2 in Translocations
 15431 | D:10     | Noticed a two-headed ogre
 15444 | D:10     | Killed a two-headed ogre
 15445 | D:10     | Reached skill level 9 in Spellcasting
 15796 | D:10     | Reached skill level 9 in Polearms
 16006 | D:11     | Found a radiant altar of Vehumet.
 16261 | D:11     | Slain by an unseen horror

Illustrated notes

Levels and vault maps discovered:
D:1:      amcnicky_arrival_single_pillar, layout_basic, minivault_25
D:2:      layout_basic, uniq_terence
D:3:      layout_loops_cross, amcnicky_altar_gilded, gammafunk_ghost_mausoleum,
          uniq_jessica, uniq_robin
D:4:      layout_gridville, mainiacjoe_overflow_boulevard,
          minmay_temple_entry_overgrown, ebering_ghost_reflecting_pool,
          uniq_duvessa, uniq_menkaure, uniq_ijyb
D:5:      layout_loops_cross, makhleb_heckhound_becter, nicolae_stop_n_shop_1,
          uniq_prince_ribbit1
D:6:      lemuel_ratsnest, layout_basic, jmf_multi_god_temple,
          uniq_blork_the_orc
D:7:      layout_basic, minitemple, kennysheep_donut,
          nicolae_figureground_pulse, uniq_pikel, uniq_harold
D:8:      layout_loops_ring, enter_bailey_5, serial_glass, glass_columns_a,
          glass_columns_c, uniq_maggie
D:9:      layout_loops_ring, zin_statuary, gammafunk_temple_overflow_elements,
          minmay_statues_item, minmay_shop_grid_forest
D:10:     layout_roguey, ebering_ghost_reflecting_pool, uniq_grum
D:11:     due_megacathedral, layout_basic, grunt_lair_entry_orc_guard_hut,
          vehumet_crystals, uniq_erolcha, uniq_sonja, uniq_nergalle,
          uniq_maurice
Temple:   minmay_temple_bridge_abc

Skill      XL: |  1  2  3  4  5  6  7  8  9 10 11 |
---------------+----------------------------------+-----
Spellcasting   | 3 4 5 6 7 8 9 |  9.1
Summonings     | 5 6 7 8 9 10 | 10.4
Polearms       | 2 3 4 5 6 8 9 |  9.0
Hexes          | 1 3 4 |  4.5
Invocations    | 1 2 3 4 5 6 |  6.6
Air Magic      | 1 2 3 4 |  4.4
Translocations | 1 2 |  2.3
Dodging        | |  2.6
Stealth        | |  2.1

Action                   |  1- 3 |  4- 6 |  7- 9 | 10-12 || total
-------------------------+-------+-------+-------+-------++-------
Melee: Dagger            |    67 |     1 |       |       ||    68
       Unarmed           |    13 |       |       |       ||    13
       Spear             |       |    66 |       |   130 ||   196
       Trident           |       |    73 |   288 |   253 ||   614
       Punch             |       |     4 |     2 |     2 ||     8
       Flail             |       |       |     2 |       ||     2
       Tailslap          |       |       |       |     3 ||     3
 Cast: Summon Small Mamm |     3 |     2 |     1 |     2 ||     8
       Call Imp          |     9 |     9 |    16 |    16 ||    50
       Call Canine Famil |     1 |     9 |    38 |    51 ||    99
       Summon Guardian G |       |       |     7 |    19 ||    26
       Summon Lightning  |       |       |       |    11 ||    11
       Summon Mana Viper |       |       |       |     1 ||     1
Evoke: Wand              |       |       |     5 |     3 ||     8
  Use: Scroll            |       |       |     3 |     9 ||    12
       Potion            |       |       |       |     1 ||     1
 Stab: Sleeping          |     5 |     6 |     3 |     7 ||    21
       Distracted        |     1 |     2 |     5 |     6 ||    14
Armor: Robe              |    16 |    23 |    46 |       ||    85
       Leather armour    |       |       |    12 |    18 ||    30
       Steam dragon scal |       |       |       |    62 ||    62
Dodge: Dodged            |    32 |    58 |   119 |   130 ||   339
Block: Other             |       |    34 |    46 |    50 ||   130
       Reflection        |       |     2 |     3 |     8 ||    13
